Map: Omicron

Players

Blubbel

  • Race: Terran Terran
  • League: Silver
  • Spawn Location: 9:00

zod

  • Race: Protoss Protoss
  • League: Silver
  • Spawn Location: 7:00

OBITEN - Winner!

  • Race: Protoss Protoss
  • League: Platinum
  • Spawn Location: 1:00

VOV - Winner!

  • Race: Protoss Protoss
  • Spawn Location: 3:00

VOD

Have the link to the VOD?

Description

Time

  • Played on: Dec. 30, 2015, 11:29 a.m.
  • Length: 9:34
Show
View Real Time Build Order
Export as new Build Order

Blubbel Terran 

Build Orders:  

Get SALT Encoding   

  12  0:02  SCV  
  14  0:14  SCV  
  14  0:26  SCV, Supply Depot  
  15  0:39  Refinery  
  15  0:48  SCV  
  16  0:54  Barracks  
  16  1:00  SCV  
  17  1:12  SCV  
  18  1:35  Command Center  
  18  1:39  SCV  
  19  1:47  Marine  
  19  1:48  Supply Depot  
  19  1:51  SCV  
  21  2:02  Engineering Bay  
  21  2:03  SCV  
  21  2:07  Refinery  
  22  2:12  Barracks Tech Lab  
  22  2:17  Supply Depot  
  23  2:22  SCV  
  23  2:35  SCV  
  24  2:38  Missile Turret  
  24  2:59  SCV  
  24  3:00  Factory  
  25  3:11  SCV  
  26  3:13  Marine  
  26  3:15  Combat Shields  
  26  3:31  Marine  
  27  3:38  Terran Infantry Weapons Level 1  
  27  3:39  Barracks  
  27  3:48  Widow Mine  
  27  3:53  Starport  
  28  4:16  SCV, Widow Mine  
  29  4:21  SCV  
  32  4:29  SCV  
  32  4:30  Barracks Reactor  
  33  4:33  SCV  
  33  4:34  Barracks  
  34  4:39  Missile Turret  
  34  4:41  SCV  
  34  4:45  SCV  
  36  4:47  Medivac  
  38  4:52  Supply Depot  
  38  4:53  SCV  
  38  4:57  SCV  
  38  4:59  Missile Turret  
  40  5:03  Engineering Bay  
  40  5:06  Marine  
  41  5:11  Marine x2  
  43  5:20  Missile Turret  
  43  5:23  Missile Turret  
  43  5:24  Marine  
  44  5:39  Factory Tech Lab  
  44  5:42  Marine x2  
  45  5:43  Marine x2  
  47  5:59  Marine  
  47  6:01  Marauder  
  50  6:05  Barracks Reactor  
  50  6:08  Barracks  
  50  6:09  Terran Infantry Armor Level 1  
  50  6:16  Armory, Hi-Sec Auto Tracking  
  50  6:21  Marine x2  
  50  6:22  Missile Turret  
  50  6:23  Marauder  
  50  6:25  SCV  
  55  6:37  SCV  
  55  6:39  Marine x2  
  58  6:44  Marauder  
  50  6:56  Medivac  
  52  7:07  Orbital Command  
  52  7:14  Barracks Reactor  
  52  7:17  Stimpack  
  52  7:20  Marauder  
  54  7:26  Command Center, Siege Tank  
  57  7:32  Orbital Command  
  56  7:41  Marauder  
  57  8:03  Marauder  
  58  8:24  Marauder  
  60  8:37  Marine x2  
  62  8:46  Supply Depot, Marauder, Marine x4  
  65  8:48  Supply Depot  
  65  8:55  Marine x2  
  50  9:08  Marauder  
Show
View Real Time Build Order
Export as new Build Order

zod Protoss 

Build Orders:  

Get SALT Encoding   

  12  0:01  Probe (Chrono Boost)  
  13  0:15  Pylon  
  13  0:18  Probe (Chrono Boost)  
  14  0:29  Probe (Chrono Boost)  
  15  0:37  Gateway  
  15  0:39  Probe (Chrono Boost)  
  17  0:50  Probe (Chrono Boost), Assimilator  
  17  0:57  Pylon  
  17  1:00  Probe (Chrono Boost)  
  18  1:14  Probe (Chrono Boost), Forge  
  19  1:24  Probe (Chrono Boost)  
  20  1:32  Cybernetics Core  
  20  1:37  Pylon  
  20  1:42  Probe (Chrono Boost), Assimilator  
  21  2:03  Gateway, Zealot  
  21  2:06  Protoss Ground Weapons Level 1  
  23  2:11  Probe (Chrono Boost)  
  24  2:16  Warp Gate (Chrono Boost)  
  24  2:27  Probe  
  25  2:50  Nexus  
  25  2:53  Stalker  
  25  2:55  Probe  
  27  3:10  Stalker  
  29  3:17  Assimilator  
  29  3:22  Assimilator  
  29  3:29  Pylon  
  29  3:34  Stargate  
  29  3:36  Mothership Core  
  25  4:25  Probe  
  25  4:28  Probe  
  27  4:40  Probe, Oracle  
  31  4:47  Stargate  
  31  4:52  Probe, Protoss Air Weapons Level 1 (Chrono Boost)  
  32  4:53  Probe, Pylon  
  32  4:55  Pylon  
  33  5:04  Probe x2  
  35  5:14  Probe  
  35  5:16  Probe  
  35  5:20  Fleet Beacon  
  38  5:28  Probe  
  38  5:37  Probe  
  38  5:40  Probe  
  40  5:48  Probe  
  41  5:52  Probe  
  42  5:58  Probe  
  43  6:06  Tempest  
  43  6:09  Probe x2  
  49  6:20  Probe  
  49  6:21  Probe  
  51  6:33  Probe  
  51  6:35  Nexus  
  51  6:38  Pylon  
  51  6:39  Pylon  
  52  6:41  Photon Cannon  
  52  6:43  Assimilator  
  52  6:45  Assimilator  
  52  6:47  Photon Cannon  
  52  7:00  Photon Cannon  
  52  7:01  Photon Cannon  
  52  7:03  Photon Cannon  
  52  7:04  Probe  
  52  7:05  Probe  
  54  7:12  Pylon  
  54  7:17  Probe  
  55  7:24  Void Ray  
  59  7:30  Probe  
  59  7:32  Probe  
  61  7:44  Probe  
  62  7:51  Tempest  
  63  8:07  Tempest  
  63  8:10  Stargate  
  63  8:11  Probe x2  
  68  8:12  Probe  
  68  8:18  Stalker  
  68  8:19  Stalker  
  74  8:22  Probe x2  
  74  8:24  Probe  
  77  8:29  Pylon  
  77  8:31  Pylon  
  77  8:36  Pylon  
  77  8:37  Probe  
  77  8:54  Pylon  
  76  8:55  Pylon  
Show
View Real Time Build Order
Export as new Build Order

OBITEN Protoss - Winner!

Build Orders: Nexus First 

Get SALT Encoding   

  12  0:01  Probe (Chrono Boost)  
  13  0:12  Probe (Chrono Boost)  
  14  0:17  Pylon  
  14  0:22  Probe (Chrono Boost)  
  15  0:35  Probe (Chrono Boost)  
  16  0:46  Probe (Chrono Boost)  
  18  0:57  Probe (Chrono Boost)  
  18  1:02  Nexus  
  18  1:07  Probe (Chrono Boost)  
  19  1:15  Gateway  
  19  1:19  Probe (Chrono Boost)  
  19  1:24  Assimilator  
  20  1:32  Pylon  
  20  1:37  Probe (Chrono Boost)  
  21  1:45  Gateway  
  21  1:48  Probe (Chrono Boost)  
  22  1:59  Probe (Chrono Boost)  
  23  2:02  Cybernetics Core  
  23  2:08  Assimilator  
  23  2:09  Probe (Chrono Boost)  
  23  2:14  Probe (Chrono Boost)  
  25  2:23  Probe (Chrono Boost)  
  25  2:27  Probe (Chrono Boost), Pylon  
  27  2:35  Probe (Chrono Boost), Assimilator  
  28  2:39  Adept  
  28  2:41  Adept  
  32  2:44  Warp Gate  
  32  2:47  Probe (Chrono Boost)  
  32  2:48  Probe (Chrono Boost)  
  34  2:57  Mothership Core (Chrono Boost)  
  36  2:59  Probe (Chrono Boost)  
  37  3:09  Probe (Chrono Boost)  
  37  3:12  Adept  
  40  3:13  Adept  
  40  3:16  Probe (Chrono Boost)  
  43  3:20  Probe (Chrono Boost)  
  43  3:25  Pylon  
  44  3:31  Stargate  
  44  3:38  Probe x2 (Chrono Boost)  
  46  3:57  Probe x2 (Chrono Boost)  
  48  4:05  Adept  
  48  4:06  Stalker  
  50  4:24  Probe x2 (Chrono Boost)  
  52  4:37  Oracle  
  55  4:46  Robotics Facility  
  55  4:48  Probe x2 (Chrono Boost)  
  55  4:50  Assimilator  
  57  4:53  Pylon  
  57  4:55  Stalker x2, Gateway x2, Twilight Council  
  57  4:57  Gateway  
  57  4:59  Probe (Chrono Boost)  
  62  5:11  Probe (Chrono Boost)  
  63  5:22  Oracle  
  63  5:24  Stalker x2  
  70  5:29  Pylon  
  70  5:31  Pylon  
  70  5:32  Resonating Glaives  
  70  5:47  Warp Prism  
  69  5:52  Stalker  
  69  5:53  Stalker  
  73  6:08  Probe (Chrono Boost)  
  74  6:11  Pylon  
  74  6:22  Templar Archives  
  74  6:24  Adept  
  74  6:25  Gateway, Adept x3  
  82  6:27  Gateway  
  79  6:47  Stalker x3  
  79  6:48  Stalker x2  
  89  6:58  Immortal, Psionic Storm  
  93  7:11  Pylon  
  93  7:12  Pylon  
  93  7:13  Pylon  
  93  7:27  Pylon, Charge (Chrono Boost)  
  93  7:29  Pylon  
  93  7:30  Pylon  
  93  7:44  Warp Prism  
  83  7:46  Zealot  
  83  7:47  Zealot x5  
  83  7:48  Zealot  
  99  8:03  Probe  
  100  8:08  Zealot  
  100  8:09  Zealot x5  
  110  8:34  Nexus  
  110  8:38  Stalker x3  
  114  8:54  Probe  
  114  8:55  Probe  
Show
View Real Time Build Order
Export as new Build Order

VOV Protoss - Winner!

Build Orders:  

Get SALT Encoding   

  12  0:02  Probe (Chrono Boost)  
  13  0:12  Probe (Chrono Boost)  
  14  0:17  Pylon  
  14  0:23  Probe (Chrono Boost)  
  15  0:36  Probe (Chrono Boost)  
  15  0:39  Gateway  
  16  0:46  Probe (Chrono Boost), Assimilator  
  17  0:59  Probe (Chrono Boost)  
  18  1:04  Gateway  
  18  1:13  Probe (Chrono Boost)  
  19  1:23  Probe (Chrono Boost)  
  20  1:27  Cybernetics Core  
  20  1:30  Zealot  
  22  1:38  Probe (Chrono Boost)  
  23  1:48  Assimilator  
  23  1:58  Pylon  
  23  2:04  Warp Gate  
  23  2:16  Probe (Chrono Boost), Zealot  
  23  2:18  Stalker  
  28  2:27  Probe (Chrono Boost)  
  29  2:37  Mothership Core (Chrono Boost)  
  31  2:57  Pylon  
  31  3:01  Nexus  
  31  3:15  Stalker, Probe (Chrono Boost)  
  31  3:17  Pylon  
  34  3:33  Pylon  
  34  3:36  Probe (Chrono Boost)  
  34  3:38  Stalker  
  37  3:42  Twilight Council  
  37  3:46  Probe (Chrono Boost)  
  38  3:48  Gateway  
  38  4:08  Gateway  
  38  4:17  Forge  
  38  4:20  Blink  
  38  4:26  Probe (Chrono Boost)  
  39  4:37  Probe (Chrono Boost)  
  40  4:47  Probe (Chrono Boost)  
  41  4:54  Robotics Facility  
  41  4:58  Probe (Chrono Boost)  
  42  5:00  Forge  
  42  5:09  Probe (Chrono Boost)  
  42  5:10  Stalker  
  45  5:20  Probe (Chrono Boost)  
  45  5:21  Probe (Chrono Boost)  
  45  5:30  Probe (Chrono Boost)  
  46  5:41  Protoss Ground Weapons Level 1, Protoss Ground Armor Level 1  
  45  5:43  Stalker  
  45  5:48  Stalker  
  43  6:09  Probe x2 (Chrono Boost)  
  45  6:16  Stalker  
  45  6:17  Stalker  
  49  6:21  Charge  
  49  6:29  Observer  
  50  6:35  Assimilator  
  50  6:37  Probe (Chrono Boost), Assimilator  
  50  6:38  Probe (Chrono Boost)  
  52  6:45  Stalker  
  54  6:51  Probe (Chrono Boost)  
  55  6:57  Probe (Chrono Boost)  
  55  6:59  Stalker x2  
  60  7:23  Stalker x2  
  60  7:24  Stalker  
  60  7:25  Zealot  
  68  7:57  Nexus  
  68  8:09  Probe (Chrono Boost)  
  68  8:10  Probe (Chrono Boost)  
  68  8:11  Pylon  
  70  8:15  Pylon  
  68  8:28  Stalker  
  68  8:30  Stalker  
  68  8:31  Stalker  
  74  8:44  Probe x2 (Chrono Boost)  
  76  8:50  Stalker  
  76  8:55  Probe x2 (Chrono Boost)  
  80  8:56  Gateway  
  80  9:00  Gateway x2  
  80  9:05  Probe (Chrono Boost)  
  80  9:06  Probe (Chrono Boost)  
  80  9:12  Stalker  
  80  9:13  Stalker x2  
  80  9:14  Stalker  
Tags
 
Add a new tag
Caveats
  • Supply blocks, unpowered buildings, or Contaminate may cause inaccurate times.
  • Supply counts are checked every 10 seconds.